 Dungeon Crawl Stone Soup version 0.31.0-9-g3a7656b989 (webtiles) character file.

Game seed: 13358641205552667731

949 tevo3000 the Ducker (level 8, -2/50 HPs)
             Began as a Djinni Fire Elementalist on Jan 24, 2024.
             Was an Initiate of Ashenzari.
             Slain by an ice beast (21 damage)
             ... on level 5 of the Dungeon.
             The game lasted 00:42:08 (5201 turns).

tevo3000 the Ducker (Djinni Fire Elementalist)      Turns: 5201, Time: 00:42:09

Health: -2/50      AC:  0    Str:  7    XL:     8   Next: 35%
Gold:   297        EV: 14    Int: 20    God:    Ashenzari [......] SH:  0 Dex: 13

rFire   + + .        (no weapon)
rCold   x x .        (no shield)
rNeg    . . .        (no body armour)
rPois   ∞            (no helmet)
rElec   .            (no cloak)
rCorr   .            (no gloves)
SInv    .            (boots unavailable)
Will    .....        (no amulet)
Stlth   +++          (no ring)
HPRegen 0.28/turn    (no ring)
MPRegen 0.00/turn

%: random rage (3%), infuse magic (-3 HP)
@: flying
A: sickness immunity, fire resistance 2, cold vulnerability 2, float, innate
caster, HP casting, extra vitality 1, berserk 1, wild magic 1
a: Renounce Religion


You were on level 5 of the Dungeon.
You worshipped Ashenzari.
Ashenzari was noncommittal.
You visited 1 branch of the dungeon, and saw 5 of its levels.

You collected 297 gold pieces.

Inventory:

Hand Weapons
 h - a +0 short sword of holy wrath
 n - a +2 heavy flail
Missiles
 q - 2 throwing nets
Armour
 a - a +0 robe
 f - +0 ice dragon scales
Magical Staves
 c - a staff of air
 s - a staff of alchemy
Scrolls
 d - a scroll of identify
 i - 2 scrolls of torment
 p - a scroll of butterflies {unknown}
 r - a scroll of revelation
 t - a scroll of fog {unknown}
Potions
 b - a potion of mutation
 e - a potion of brilliance {unknown}
 g - a potion of curing
 j - 3 potions of lignification
 k - a potion of degeneration {unknown}
 m - a potion of ambrosia {unknown}
 o - a potion of cancellation {unknown}


   Skills:
 + Level 5.7 Dodging
 + Level 4.6 Stealth
 * Level 5.5 Spellcasting
 * Level 5.5 Conjurations
 * Level 5.5 Hexes
   Level 0.0 Charms
 * Level 5.5 Summonings
 * Level 5.5 Necromancy
 * Level 5.5 Translocations
   Level 0.0 Transmutations
 * Level 5.5 Fire Magic
 * Level 5.5 Ice Magic
 * Level 5.5 Air Magic
 * Level 5.5 Earth Magic
 * Level 5.5 Alchemy


You knew the following spells:

 Your Spells              Type           Power      Damage    Failure   Level
a - Foxfire               Conj/Fire      100%       2x1d9     2%          1
b - Scorch                Fire           72%        2d8       3%          2
c - Volatile Blastmotes   Fire/Tloc      72%        2d16      5%          3
d - Inner Flame           Hex/Fire       36%        N/A       5%          3
e - Flame Wave            Conj/Fire      36%        2d10      16%         4
f - Summon Small Mammal   Summ           100%       N/A       2%          1
g - Mercury Vapours       Alch/Air       72%        N/A       3%          2
h - Passwall              Erth           36%        N/A       5%          3
Your spell library was empty.

Dungeon Overview and Level Annotations

Branches:
Dungeon (5/15)
 Temple: D:4-7

Altars:
Ashenzari
Gozag
Trog
Xom
Zin
The Shining One


Innate Abilities, Weirdness & Mutations

You are immune to sickness and miasma.
You are immune to poison.
Your flesh is very heat resistant. (rF++)
You are very vulnerable to cold. (rC--)
You float through the air rather than walking.
You learn spells naturally, not from books.
Your magical power is your life essence.
You have superior vitality. (+4 MHP)
You sometimes lose your temper in combat.
Your spells are a little harder to cast, but a little more powerful.


Message History

Confirm with . or Enter, or press ? or * to list all spells.
Okay, then.
t - a scroll labelled JEMOYR DI POE
Casting: Volatile Blastmotes (dangerous; 5% risk of failure)
Confirm with . or Enter, or press ? or * to list all spells.
A cloud of volatile blastmotes flares up around you!
Run!
The ufetubus barely misses you. The ufetubus hits you.
The ufetubus closely misses you. x2
The ufetubus hits you.
* * * LOW HITPOINT WARNING * * *
The ufetubus closely misses you.
Okay, then.
You feel much better. The ufetubus hits you. The ufetubus misses you.
The ufetubus closely misses you. The ufetubus hits you.
Casting: Volatile Blastmotes (dangerous; 5% risk of failure)
Confirm with . or Enter, or press ? or * to list all spells.
Flames lash the ice beast.
The ice beast melts!
The ice beast is moderately wounded.
The ice beast's fire resistance burns away.
The ufetubus hits you. x4; The river rat barely misses you.
The cloud of blastmotes explodes!
The concussive blast engulfs the ice beast.
The ice beast is moderately wounded.
The concussive blast engulfs the ufetubus!
The ufetubus is burned terribly!
You kill the ufetubus!
You hear a loud squeak.
You feel much better. The river rat bites you.
Casting: Scorch (safe; 3% risk of failure)
Confirm with . or Enter, or press ? or * to list all spells.
Flames lash the river rat.
The river rat is severely wounded.
The river rat's fire resistance burns away.
The ice beast completely misses you. The river rat bites you.
Casting: Scorch (safe; 3% risk of failure)
Confirm with . or Enter, or press ? or * to list all spells.
Flames lash the river rat.
The river rat is burned terribly!
You kill the river rat!
The ice beast hits you. The ice beast freezes you!!
You feel a terrible chill!
You die...

... #..
....
...##..#.#.
..........#
........#
.......
#....
.####...#
...$..†@#
.####.#Y#
#....#
#.<###
.........#
####...r...
#.......#
#.##.####
.. .##


You could see an ice beast (combustible).

Vanquished Creatures
  Grinder (D:3)
  Sigmund (D:3)
  A phantom (D:4)
  A jelly (D:4)
  A bombardier beetle (D:4)
  2 hounds (D:4)
  An orc priest (D:4)
  A sleepcap (D:5)
  An iguana (D:4)
  Terence (D:3)
  An orc wizard (D:4)
  Robin (D:3)
  4 gnolls (D:3)
  8 adders
  A river rat (D:5)
  2 ufetubi (D:5)
  A dart slug (D:2)
  A ribbon worm (D:4)
  9 orcs
  4 bats
  6 endoplasms
  6 giant cockroaches
  16 goblins
  8 hobgoblins
  3 jackals (D:4)
  8 kobolds
  5 quokkas
  11 ball pythons
  6 frilled lizards
  8 rats
120 creatures vanquished.

Vanquished Creatures (others)
  242 foxfires
242 creatures vanquished.

Grand Total: 362 creatures vanquished

Notes
Turn   | Place    | Note
-------+----------+-------------------------------------------
     0 | D:1      | tevo3000 the Djinni Fire Elementalist began the quest for
                  | the Orb.
     0 | D:1      | tevo3000 set off with the following spells memorised:
                  | Foxfire, Scorch, Volatile Blastmotes, Inner Flame, Flame
                  | Wave.
     0 | D:1      | Reached XP level 1. HP: 15/15 MP: 0/0
    47 | D:1      | Reached XP level 2. HP: 17/21 MP: 0/0
   448 | D:1      | Found a faded altar of an unknown god.
   602 | D:1      | Reached XP level 3. HP: 13/25 MP: 0/0
   602 | D:1      | Learned a level 1 spell: Summon Small Mammal
  1183 | D:2      | Reached XP level 4. HP: 30/31 MP: 0/0
  2017 | D:3      | Found a shimmering altar of Xom.
  2034 | D:3      | Reached XP level 5. HP: 29/35 MP: 0/0
  2034 | D:3      | Learned a level 2 spell: Mercury Vapours
  2162 | D:3      | Noticed Terence
  2169 | D:3      | Killed Terence
  2259 | D:3      | Found an opulent altar of Gozag.
  2300 | D:3      | Noticed Robin
  2312 | D:3      | Killed Robin
  2464 | D:3      | Reached XP level 6. HP: 37/40 MP: 0/0
  2636 | D:3      | Found a bloodstained altar of Trog.
  2781 | D:3      | Noticed Grinder
  2795 | D:3      | Killed Grinder
  2796 | D:3      | Reached XP level 7. HP: 25/45 MP: 0/0
  2796 | D:3      | Learned a level 3 spell: Passwall
  2892 | D:3      | Noticed Sigmund
  2898 | D:3      | Killed Sigmund
  2899 | D:3      | Reached skill level 5 in Dodging
  3577 | D:4      | Reached skill level 5 in Spellcasting
  3577 | D:4      | Reached skill level 5 in Conjurations
  3577 | D:4      | Reached skill level 5 in Hexes
  3577 | D:4      | Reached skill level 5 in Summonings
  3577 | D:4      | Reached skill level 5 in Necromancy
  3577 | D:4      | Reached skill level 5 in Translocations
  3577 | D:4      | Reached skill level 5 in Fire Magic
  3577 | D:4      | Reached skill level 5 in Ice Magic
  3577 | D:4      | Reached skill level 5 in Air Magic
  3577 | D:4      | Reached skill level 5 in Earth Magic
  3577 | D:4      | Reached skill level 5 in Alchemy
  3674 | D:4      | Reached XP level 8. HP: 39/50 MP: 0/0
  3834 | D:4      | Found a glowing golden altar of the Shining One.
  3868 | D:4      | Found a glowing silver altar of Zin.
  3922 | D:4      | Found a broken altar of Ashenzari.
  4143 | D:4      | Became a worshipper of Ashenzari the Shackled
  4598 | D:4      | Gained mutation: You occasionally lose the ability to drink
                  | potions when taking damage. [potion of mutation]
  4598 | D:4      | Gained mutation: You have very sharp teeth. [potion of
                  | mutation]
  4599 | D:4      | Lost mutation: You have very sharp teeth. [potion of
                  | mutation]
  4599 | D:4      | Lost mutation: You occasionally lose the ability to drink
                  | potions when taking damage. [potion of mutation]
  4599 | D:4      | Gained mutation: You sometimes lose your temper in combat.
                  | [potion of mutation]
  4599 | D:4      | Gained mutation: You are very vulnerable to cold. (rC--)
                  | [potion of mutation]
  4599 | D:4      | Gained mutation: Your spells are a little harder to cast,
                  | but a little more powerful. [potion of mutation]
  5182 | D:5      | Entered Level 5 of the Dungeon
  5201 | D:5      | Slain by an ice beast

Illustrated notes

Levels and vault maps discovered:
D:1:      lightli_arrival_statuegarden, layout_basic, serial_glass,
          glass_columns_b, glass_columns_a, feat_on_display,
          due_unseen_surprise, feat_on_display,
          hellmonk_ecumenical_altar_arch_garden
D:2:      layout_basic
D:3:      layout_basic, amcnicky_altar_gilded, mainiacjoe_overflow_24_doors,
          trog_butcher_becter, uniq_terence, uniq_robin, uniq_grinder,
          uniq_sigmund
D:4:      minmay_door_path, layout_basic, lemuel_doored_altar, tso_oasis_becter,
          mainiacjoe_overflow_alcove_4
D:5:      minmay_evil_eye, layout_loops_ring, gup_sewer_entry_spiral,
          kennysheep_cross_bottleneck

Skill      XL: |  1  2  3  4  5  6  7 |
---------------+----------------------+-----
Stealth        | 2 3 4 |  4.6
Dodging        | 3 4 5 |  5.7
Spellcasting   | 4 5 |  5.5
Conjurations   | 4 5 |  5.5
Hexes          | 4 5 |  5.5
Summonings     | 4 5 |  5.5
Necromancy     | 4 5 |  5.5
Translocations | 4 5 |  5.5
Fire Magic     | 4 5 |  5.5
Ice Magic      | 4 5 |  5.5
Air Magic      | 4 5 |  5.5
Earth Magic    | 4 5 |  5.5
Alchemy        | 4 5 |  5.5

Action                     |  1- 3 |  4- 6 |  7- 9 || total
---------------------------+-------+-------+-------++-------
   Cast: Foxfire           |    57 |    74 |    38 ||   169
         Scorch            |     7 |    36 |    32 ||    75
         Volatile Blastmot |       |     2 |    18 ||    20
         Passwall          |       |       |     3 ||     3
         Summon Small Mamm |       |       |     1 ||     1
    Use: Scroll            |       |     3 |     3 ||     6
         Potion            |       |     1 |     7 ||     8
 Armour: Robe              |     5 |     9 |    23 ||    37
         Skin              |       |       |    23 ||    23
  Dodge: Dodged            |     6 |    10 |    26 ||    42
